 Dungeon Crawl Stone Soup version 0.30-a0-782-ge64f9170bb (webtiles) character file.

Game seed: 9895968937309747148

12901 IndexError the Skirmisher (level 12, -11/65 HPs)
             Began as a Gargoyle Hexslinger on Feb 23, 2023.
             Was an Elder of Hepliaklqana.
             Mangled by a two-headed ogre
             ... wielding a +0 giant spiked club
              (25 damage)
             ... on level 11 of the Dungeon.
             The game lasted 00:30:18 (11319 turns).

IndexError the Skirmisher (Gargoyle Hexslinger)    Turns: 11319, Time: 00:30:19

Health: -11/65     AC: 22    Str: 17    XL:     12   Next: 0%
Magic:  21/21      EV: 12    Int: 15    God:    Hepliaklqana [****..]
Gold:   676        SH:  0    Dex: 14    Spells: 15/23 levels left

rFire   + . .      SeeInvis +    b - +8 dagger of the Vestibule of Hell {spect, Str+3}
rCold   . . .      Faith    .    (no shield)
rNeg    + . .      Spirit   .    J - +0 robe {rF+}
rPois   ∞          Reflect  .    B - +2 helmet
rElec   +          Harm     .    K - +2 cloak {Will+}
rCorr   .          Rampage  .    t - +2 pair of gloves
Will    +++..                    V - +2 pair of boots
Stlth   +                        (no amulet)
HPRegen 0.30/turn                E - +4 ring of slaying
MPRegen 0.17/turn                n - ring of Qeud {Will++ SInv}

@: no status effects
A: reduced essence, sickness immunity, AC +8, negative energy resistance 1,
electricity resistance, torment resistance 1, petrification resistance
a: Renounce Religion, Recall Ancestor, Ancestor Identity, Transference, Idealise


You were on level 11 of the Dungeon.
You worshipped Hepliaklqana.
Hepliaklqana was greatly pleased with you.
You visited 2 branches of the dungeon, and saw 12 of its levels.
You also visited: Ossuary.

You collected 676 gold pieces.

Inventory:

Hand Weapons
 a - a +1 shortbow of draining
   (You took it off a centaur on level 5 of the Dungeon)
 b - the +8 dagger of the Vestibule of Hell (weapon) {spect, Str+3}
   (You found it on level 2 of the Dungeon)

   Str:       It affects your strength (+3).
 v - a +3 arbalest of draining
   (You found it on level 10 of the Dungeon)
Armour
 e - a +0 scale mail
   (You took it off a gnoll sergeant on level 7 of the Dungeon)
 p - a +0 scale mail
   (You found it on level 2 of the Dungeon)
 t - a +2 pair of gloves (worn)
   (You found it on level 2 of the Dungeon)
 x - a +0 robe
   (You took it off Jessica on level 3 of the Dungeon)
 B - a +2 helmet (worn)
   (You took it off Robin on level 3 of the Dungeon)
 G - a +0 robe
   (You took it off an orc on level 3 of the Dungeon)
 H - a +0 robe
   (You took it off an orc wizard on level 3 of the Dungeon)
 J - a +0 robe of fire resistance (worn)
   (You took it off Sigmund on level 3 of the Dungeon)
 K - a +2 cloak of willpower (worn)
   (You took it off Crazy Yiuf on level 3 of the Dungeon)
 O - a +0 scale mail
   (You found it on level 8 of the Dungeon)
 V - a +2 pair of boots (worn)
   (You found it on level 6 of the Dungeon)
 W - a +0 robe
   (You took it off an orc wizard on level 4 of the Dungeon)
Magical Staves
 L - a staff of air {rElec}
   (You found it on level 4 of the Dungeon)
 X - a staff of death {rN+}
   (You found it on level 9 of the Dungeon)
 Y - a staff of cold {rC+}
   (You found it on level 5 of the Dungeon)
Jewellery
 c - a +5 ring of evasion
   (You found it on level 10 of the Dungeon)
 h - a +5 ring of evasion
   (You found it on level 8 of the Dungeon)
 n - the ring of Qeud (right hand) {Will++ SInv}
   (You found it on level 5 of the Dungeon)

   [ring of see invisible]

   SInv:      It lets you see invisible.
   Will:      It greatly increases your willpower.
 E - a +4 ring of slaying (left hand)
   (You found it on level 3 of the Dungeon)
 I - the ring "Wona Pij" {Drain rC+ rN+ MP-9 Dex+6}
   (You took it off a kobold on level 3 of the Dungeon)

   [ring of protection from cold]

   Dex:       It affects your dexterity (+6).
   rC:        It protects you from cold.
   rN:        It protects you from negative energy.
   MP:        It affects your magic capacity (-9).
   Drain:     It drains your maximum health when unequipped.
Wands
 z - a wand of iceblast (7)
   (You took it off Ijyb on level 3 of the Dungeon)
 D - a wand of quicksilver (13)
   (You found it on level 3 of the Dungeon)
 M - a wand of mindburst (26)
   (You found it on level 4 of the Dungeon)
Scrolls
 d - a scroll of fear
 f - 2 scrolls of poison
 i - 6 scrolls of blinking {!r}
 m - 2 scrolls of enchant weapon
 o - 5 scrolls of amnesia
 r - 3 scrolls of brand weapon
 u - 3 scrolls of magic mapping {!r}
 P - 3 scrolls of silence
 Q - a scroll of fog
 R - a scroll of teleportation
Potions
 g - a potion of resistance
 j - 3 potions of berserk rage {!q}
 k - 4 potions of might {unknown}
 l - 2 potions of flight
 q - 9 potions of curing {unknown}
 s - a potion of heal wounds
 y - 2 potions of brilliance
 C - 2 potions of attraction {!q}
 F - a potion of mutation {!q}
 N - a potion of magic
 S - 2 potions of cancellation
 T - 4 potions of ambrosia {unknown}
 U - 4 potions of invisibility {unknown}
 Z - a potion of lignification {!q}


   Skills:
 + Level 7.8 Fighting
 - Level 12.5 Ranged Weapons
 - Level 1.5 Dodging
 + Level 6.4 Spellcasting
 - Level 8.5 Hexes
 * Level 4.9 Translocations


You had 15 spell levels left.
You knew the following spells:

 Your Spells              Type           Power      Damage    Failure   Level
a - Cause Fear            Hex            15%        N/A       4%          4
b - Portal Projectile     Hex/Tloc       50%        N/A       2%          3
s - Slow                  Hex            100%       N/A       1%          1

Your spell library contained the following spells:

 Spells                   Type           Power      Damage    Failure   Level
 Inner Flame              Hex/Fire       17%        N/A       8%          3
 Magic Dart               Conj           16%        1d3       14%         1
 Shock                    Conj/Air       16%        1d4       14%         1
 Searing Ray              Conj           8%         2d4       22%         2
 Fulminant Prism          Conj/Hex       8%         3d6       24%         4
 Swiftness                Air            4%         N/A       38%         3
 Yara's Violent Unravell  Hex/Tmut       8%         3d5       56%         5
 Airstrike                Air            2%         2d(1-17)  80%         4
 Summon Lightning Spire   Summ/Air       4%         N/A       80%         4
 Lightning Bolt           Conj/Air       2%         1d13      98%         5
 Enfeeble                 Hex            15%        N/A       98%         7


Dungeon Overview and Level Annotations

Branches:
Dungeon (11/15)            Temple (1/1) D:7            Lair (0/5) D:9
    Orc (0/2) D:10        Ossuary (visited)

Altars:
Ashenzari
Cheibriados
Dithmenos
Elyvilon
Fedhas
Gozag
Hepliaklqana
Kikubaaqudgha
Makhleb
Nemelex Xobeh
Okawaru
Qazlal
Ru
Sif Muna
Trog
Uskayaw
Vehumet
Wu Jian
Xom
Yredelemnul
Zin
The Shining One

Annotations:
D:5 2 runed translucent doors
D:11 Sonja


Innate Abilities, Weirdness & Mutations

Your life essence is reduced to manifest your ancestor. (-10% HP)
You are immune to sickness and miasma.
Your stone body is resilient. (AC +8)
You are immune to poison.
You resist negative energy. (rN+)
You are resistant to electric shocks. (rElec)
You are resistant to unholy torment.
You are immune to petrification.


Message History

You shoot an arrow. The arrow hits the wind drake!
You drain the wind drake.
The wind drake begins repelling missiles!
Spoiler Alert: The wind drake (repels missiles, drained, ally target) can cast Airstrike and push you away!
You shoot an arrow. Samara avoids your attack.
The arrow barely misses the wind drake.
The wind drake flaps its wings at you. The air twists around and strikes you.
The wind drake exhales a fierce blast of wind!
You are knocked back by the gust of wind.
You slam into the rock wall!
Samara is knocked back by the gust of wind.
Spoiler Alert: The wind drake (repels missiles, drained, ally target) can cast Airstrike and push you away!
You shoot an arrow. Samara avoids your attack.
The arrow hits the wind drake!
You drain the wind drake.
The wind drake barely misses Samara.
A cyclops comes into view.
Warning x2: The wind drake (repels missiles, drained, ally target) can cast Airstrike and push you away!
The cyclops can throw large rocks!
You shoot an arrow. Samara avoids your attack.
The arrow barely misses the wind drake.
The wind drake barely misses Samara.
Samara misses the wind drake.
Warning x2: The wind drake (repels missiles, drained, ally target) can cast Airstrike and push you away!
The cyclops can throw large rocks!
You shoot an arrow. Samara avoids your attack.
The arrow barely misses the wind drake.
A two-headed ogre comes into view.
It is wielding two +0 giant spiked clubs.
The wind drake flaps its wings at you. The air twists around and strikes you.
Spoiler Alert: The wind drake (repels missiles, drained, ally target) can cast Airstrike and push you away!
You take 6 damage, and have 55/61 hp.
You shoot an arrow. Samara avoids your attack.
The arrow closely misses the wind drake.
Samara hits the wind drake with a +0 flail!
The wind drake bites Samara.
Spoiler Alert: The wind drake (repels missiles, drained, ally target) can cast Airstrike and push you away!
You shoot an arrow. Samara avoids your attack.
The arrow misses the wind drake.
Samara misses the wind drake.
The wind drake exhales a fierce blast of wind!
You are knocked back by the gust of wind.
You slam into the rock wall!
Samara is knocked back by the gust of wind.
Warning x2: The wind drake (repels missiles, catching breath, drained, ally target) can cast Airstrike and push you away!
The cyclops can throw large rocks!
You take 11 damage, and have 44/61 hp.
You shoot an arrow.
The arrow closely misses the wind drake.
The cyclops throws a large rock.
The large rock completely misses Samara.
The large rock hits you but does no damage.
Warning x2: The cyclops can throw large rocks!
The wind drake (repels missiles, drained, ally target) can cast Airstrike and push you away!
You shoot an arrow. The arrow hits the wind drake.
Samara misses the wind drake.
Warning x2: The cyclops can throw large rocks!
The wind drake (repels missiles, drained, ally target) can cast Airstrike and push you away!
You shoot an arrow.
The arrow closely misses the wind drake.
The wind drake flaps its wings at you. The air twists around and strikes you.
Samara hits the wind drake with a +0 flail!
Spoiler Alert: The wind drake (repels missiles, drained, ally target) can cast Airstrike and push you away!
You take 2 damage, and have 43/61 hp.
You shoot an arrow.
The arrow closely misses the wind drake.
The wind drake exhales a fierce blast of wind!
You are knocked back by the gust of wind.
You slam into the rock wall!
Samara closely misses the wind drake.
Spoiler Alert: The wind drake (repels missiles, catching breath, drained, ally target) can cast Airstrike and push you away!
You shoot an arrow. The arrow misses the wind drake.
The wind drake bites you but does no damage.
The two-headed ogre hits Samara but does no damage.
The two-headed ogre hits Samara with a +0 giant spiked club!!
Samara hits the two-headed ogre with a +0 flail!
Warning x2: The cyclops can throw large rocks!
The wind drake (repels missiles, catching breath, drained) can cast Airstrike and push you away!
You shoot an arrow.
The arrow closely misses the wind drake.
The wind drake flaps its wings at you. The air twists around and strikes you.
Samara hits the two-headed ogre with a +0 flail.
The cyclops throws a large rock.
The large rock hits Samara!!
Warning x2: The cyclops can throw large rocks!
The wind drake (repels missiles, catching breath, drained) can cast Airstrike and push you away!
You shoot an arrow. The arrow hits the wind drake.
You drain the wind drake.
You have reached level 12!
You feel clever.
You regained 3 hp, and now have 47/65 hp.
MP restored: 21 You shoot an arrow.
The arrow hits the two-headed ogre!
The two-headed ogre hits you with a +0 giant spiked club!
The two-headed ogre misses you.
You take 12 damage, and have 35/65 hp.
You are too injured to fight recklessly!
You feel stronger.
You feel a bond with the +8 dagger of the Vestibule of Hell {spect, Str+3}.
b - the +8 dagger of the Vestibule of Hell (weapon)
{spect, Str+3} You puncture the two-headed ogre!
Your +8 dagger of the Vestibule of Hell {spect, Str+3} hits the two-headed ogre!
The two-headed ogre hits you with a +0 giant spiked club!!
* * * LOW HITPOINT WARNING * * *
The two-headed ogre hits you but does no damage.
Spoiler Alert: The cyclops can throw large rocks!
You take 21 damage, and have 14/65 hp.
MASSIVE DAMAGE!!
You hit the two-headed ogre.
Your +8 dagger of the Vestibule of Hell {spect, Str+3} hits the two-headed ogre.
You barely miss the two-headed ogre.
Your +8 dagger of the Vestibule of Hell {spect, Str+3} hits the two-headed ogre.
The two-headed ogre hits you with a +0 giant spiked club!!
You die...

..............
.............. ..#.
............#+#
....
R...........#.#
.....
#############.#
..... ..# #.#
...... #.#
#####.####......
#.#
#.....##(O.C....
#.## #.####..@#
#..# #.#....###
##.######.#.####
.....#........#
..##R#.######.#
..##..>.....#.#####
..#######...#.....#
..# ..#####.# ###
...


You could see a two-headed ogre, a cyclops and a friendly +8 dagger of the
Vestibule of Hell {spect, Str+3} (summoned).

Vanquished Creatures
  Erolcha (D:10)
  2 two-headed ogres
  A manticore (D:11)
  A kobold demonologist (D:5)
  A wind drake (shapeshifter) (D:11)
  A hornet (D:8)
  Sigmund (D:3)
  A wraith (D:10)
  A vampire (D:11)
  8 yaks
  A wyvern (D:9)
  3 steam dragons
  A vampire mosquito (D:9)
  A black bear (D:5)
  An orc warrior (D:5)
  An ice beast (D:5)
  A sky beast (D:7)
  2 ogres
  5 centaurs
  4 phantoms
  2 elf zombies (Ossuary)
  A bullfrog (D:8)
  A kobold brigand (D:10)
  2 necrophages
  3 gnoll sergeants
  4 scorpions (D:5)
  9 wights
  4 howler monkeys
  3 centaur zombies (D:10)
  4 jellies
  7 orc priests
  A gnoll bouda (D:9)
  Crazy Yiuf (D:3)
  Jessica (D:3)
  3 iguanas (D:5)
  Ijyb (D:3)
  6 orc wizards
  4 mummies (Ossuary)
  Robin (D:3)
  18 gnolls
  10 adders
  A shadow imp (D:7)
  A white imp (D:7)
  2 ufetubi
  2 worms (D:2)
  2 dart slugs (D:4)
  24 orcs
  5 endoplasms
  A giant cockroach (D:2)
  A gnoll zombie (Ossuary)
  10 hobgoblins
  8 kobolds
  5 quokkas
  6 ball pythons
  4 bats
  3 frilled lizards
  13 goblins
  2 goblin zombies (Ossuary)
  A hobgoblin zombie (Ossuary)
  4 jackal zombies (Ossuary)
  2 kobold zombies (Ossuary)
  4 rats
225 creatures vanquished.

Vanquished Creatures (collateral kills)
  A two-headed ogre (D:9)
  A centaur skeleton (D:10)
  A troll (D:10)
  A vampire (D:10)
  5 yaks
  An unseen horror simulacrum (D:10)
  A vampire mosquito (D:9)
  A sky beast (D:6)
  2 orc warriors
  A black bear (D:5)
  2 ogres
  A necrophage (D:5)
  2 gnoll sergeants (D:7)
  3 wights
  A howler monkey (D:5)
  A hound (D:6)
  5 orc wizards
  3 gnolls
  2 adders
  A white imp (D:6)
  3 orcs
  2 kobolds (D:10)
41 creatures vanquished.

Vanquished Creatures (others)
  A knight (D:11)
  4 ancestors (D:5)
  A plant (D:7)
6 creatures vanquished.

Grand Total: 272 creatures vanquished

Notes
Turn   | Place    | Note
-------+----------+-------------------------------------------
     0 | D:1      | IndexError the Gargoyle Hexslinger began the quest for the
                  | Orb.
     0 | D:1      | Reached XP level 1. HP: 12/12 MP: 2/2
   162 | D:1      | Reached XP level 2. HP: 15/16 MP: 3/3
   481 | D:1      | Reached skill level 3 in Hexes
   814 | D:1      | Reached skill level 3 in Ranged Weapons
   814 | D:1      | Reached XP level 3. HP: 19/20 MP: 1/4
   905 | D:2      | Identified the +8 dagger of the Vestibule of Hell {spect,
                  | Str+3}
  1035 | D:2      | Found a faded altar of an unknown god.
  1518 | D:3      | Noticed Jessica
  1529 | D:2      | Reached XP level 4. HP: 12/25 MP: 1/5
  1591 | D:3      | Reached skill level 4 in Ranged Weapons
  1592 | D:3      | Killed Jessica
  1593 | D:3      | Reached XP level 5. HP: 27/29 MP: 6/6
  1613 | D:3      | Noticed Ijyb
  1614 | D:3      | Noticed Robin
  1636 | D:3      | Killed Ijyb
  1727 | D:3      | Killed Robin
  1857 | D:3      | Reached skill level 5 in Ranged Weapons
  1857 | D:3      | Reached skill level 4 in Hexes
  1862 | D:3      | Reached XP level 6. HP: 34/34 MP: 7/7
  1957 | D:3      | Identified the ring "Wona Pij" {Drain rC+ rN+ MP-9 Dex+6}
  2056 | D:3      | Found a bloodstained altar of Trog.
  2058 | D:3      | Noticed Sigmund
  2198 | D:3      | Killed Sigmund
  2199 | D:3      | Reached skill level 6 in Ranged Weapons
  2447 | D:3      | Reached XP level 7. HP: 38/38 MP: 8/8
  2567 | D:3      | Found a runed translucent door.
  2568 | D:3      | Noticed Crazy Yiuf
  2578 | D:3      | Killed Crazy Yiuf
  2840 | D:4      | Found a hazy altar of Hepliaklqana.
  2846 | D:4      | Became a worshipper of Hepliaklqana the Forgotten
  3237 | D:4      | Found a sand-covered staircase.
  3244 | Ossuary  | Entered an ossuary
  3279 | Ossuary  | Reached skill level 5 in Hexes
  3284 | Ossuary  | Reached skill level 7 in Ranged Weapons
  3648 | D:4      | Reached * piety under Hepliaklqana
  3662 | D:4      | Reached XP level 8. HP: 38/38 MP: 9/9
  4053 | D:5      | Entered Level 5 of the Dungeon
  4238 | D:5      | Reached skill level 8 in Ranged Weapons
  4443 | D:5      | Reached skill level 6 in Hexes
  4556 | D:5      | Found a large runed translucent door.
  4556 | D:5      | Found a large runed translucent door.
  4565 | D:5      | Noticed a kobold demonologist
  4572 | D:5      | Found a large runed translucent door.
  4572 | D:5      | Found a large runed translucent door.
  4701 | D:5      | Reached skill level 9 in Ranged Weapons
  4841 | D:5      | Reached XP level 9. HP: 42/42 MP: 10/10
  4992 | D:5      | Reached skill level 10 in Ranged Weapons
  5217 | D:5      | Reached skill level 7 in Hexes
  5226 | D:5      | HP: 9/42 [centaur/arrow (13)]
  5236 | D:5      | HP: 8/42 [centaur (3)]
  5237 | D:5      | Noticed a two-headed ogre
  5457 | D:5      | Killed a two-headed ogre
  5458 | D:5      | Reached skill level 11 in Ranged Weapons
  5556 | D:5      | Noticed a red devil
  5560 | D:5      | Killed a kobold demonologist
  5628 | D:5      | Identified the ring of Qeud {Will++ SInv}
  5825 | D:6      | Reached XP level 10. HP: 42/46 MP: 11/11
  5929 | D:6      | Reached ** piety under Hepliaklqana
  6027 | D:6      | Found a shimmering blue altar of Sif Muna.
  6090 | D:6      | Reached skill level 8 in Hexes
  6860 | D:7      | HP: 3/46 [ogre/+0 giant club (16)]
  7145 | D:7      | Reached skill level 12 in Ranged Weapons
  7421 | D:7      | Remembered your ancestor Samara as a knight
  7447 | D:7      | Noticed a two-headed ogre
  7454 | D:7      | Killed a two-headed ogre
  7510 | D:7      | Found a shadowy altar of Dithmenos.
  7537 | D:7      | Found a staircase to the Ecumenical Temple.
  7675 | Temple   | Entered the Ecumenical Temple
  7905 | D:7      | Learned a level 4 spell: Cause Fear
  7909 | D:7      | Learned a level 3 spell: Portal Projectile
  8290 | D:8      | Reached skill level 2 in Fighting
  8299 | D:8      | Reached skill level 2 in Spellcasting
  8430 | D:8      | Reached skill level 3 in Fighting
  8488 | D:8      | Found an ancient bone altar of Kikubaaqudgha.
  8542 | D:8      | Reached *** piety under Hepliaklqana
  8614 | D:8      | Reached skill level 3 in Spellcasting
  8889 | D:8      | Reached skill level 4 in Fighting
  9150 | D:9      | Found a staircase to the Lair.
  9251 | D:9      | Found a stormy altar of Qazlal.
  9278 | D:9      | Noticed a two-headed ogre
  9289 | D:9      | Killed a two-headed ogre
  9290 | D:9      | Reached skill level 5 in Fighting
  9290 | D:9      | Reached skill level 4 in Spellcasting
  9290 | D:9      | Reached XP level 11. HP: 47/57 MP: 15/17
  9868 | D:9      | Reached skill level 6 in Fighting
  9974 | D:10     | Entered Level 10 of the Dungeon
  9981 | D:10     | Reached skill level 5 in Spellcasting
 10043 | D:10     | Found a staircase to the Orcish Mines.
 10122 | D:10     | Reached skill level 1 in Translocations
 10136 | D:10     | Reached skill level 2 in Translocations
 10177 | D:10     | Noticed Erolcha
 10186 | D:10     | Killed Erolcha
 10187 | D:10     | Reached skill level 7 in Fighting
 10187 | D:10     | Reached skill level 3 in Translocations
 10438 | D:10     | Reached **** piety under Hepliaklqana
 10559 | D:10     | Found a broken altar of Ashenzari.
 10671 | D:10     | Reached skill level 6 in Spellcasting
 10885 | D:10     | Found a sacrificial altar of Ru.
 11086 | D:11     | Reached skill level 4 in Translocations
 11121 | D:11     | Identified the +7 hand axe of the Pits of Slime {heavy,
                  | *Corrode rF++ Dex+3 SInv}
 11163 | D:11     | Noticed a manticore
 11168 | D:11     | Killed a manticore
 11238 | D:11     | Noticed Sonja
 11303 | D:11     | Noticed a cyclops
 11305 | D:11     | Noticed a two-headed ogre
 11315 | D:11     | Reached XP level 12. HP: 47/65 MP: 21/21
 11317 | D:11     | HP: 14/65 [two-headed ogre/+0 giant spiked club (22)]
 11319 | D:11     | Mangled by a two-headed ogre

Illustrated notes

Levels and vault maps discovered:
D:1:      arrival_zaba_pyramid, layout_basic
D:2:      layout_rooms, shapermc_ecumenical_altar_gd
D:3:      layout_loops_ring, trog_three_pillars_becter, kennysheep_nondescript,
          hangedman_abyss_or_decor_lesser_grid, uniq_ijyb, uniq_robin,
          uniq_crazy_yiuf_cottage, uniq_jessica, uniq_sigmund
D:4:      layout_basic, lemuel_doored_altar, enter_ossuary_3
D:5:      minmay_octagon_keep, layout_loops_corners,
          minmay_hollow_rounded_squares
D:6:      layout_cave_pods, mainiacjoe_overflow_brackets,
          kennysheep_pointless_box, reono_crystal_passage,
          kennysheep_generic_room_7
D:7:      layout_rooms, grunt_dithmenos_smoke_and_mirrors,
          minmay_temple_entry_waves, st_stairs_12, serial_bayou_ford_a
D:8:      layout_loops_cross, lemuel_tele_altar
D:9:      layout_irregular_city, nicolae_qazlal_eye_of_the_storm,
          lair_entry_dummy
D:10:     layout_roguey, nicolae_ru_the_path_less_chosen, lemuel_round_altar,
          orc_0_dummy, serial_glass, glass_columns_a, glass_columns_c,
          due_unseen_surprise, feat_on_display, hangedman_weighted_door,
          uniq_erolcha
D:11:     layout_basic, chequers_serial_rivers_large_a, uniq_sonja
Temple:   eino_narrow_crystal_temple

Skill      XL: |  1  2  3  4  5  6  7  8  9 10 11 |
---------------+----------------------------------+-----
Hexes          | 3 4 5 6 7 8 |  8.5
Ranged Weapons | 3 4 5 6 7 9 11 12 | 12.5
Fighting       | 5 7 |  7.8
Spellcasting   | 4 6 |  6.4
Translocations | 4 |  4.9
Dodging        | |  1.5

Action                     |  1- 3 |  4- 6 |  7- 9 | 10-12 || total
---------------------------+-------+-------+-------+-------++-------
  Melee: Dagger            |       |    44 |    95 |    25 ||   164
         Punch             |       |       |     2 |     1 ||     3
   Fire: Sling             |    98 |    50 |   155 |     9 ||   312
         Shortbow          |       |       |       |   437 ||   437
   Cast: Slow              |     6 |       |    11 |     1 ||    18
 Invoke: Ancestor Identity |       |       |     1 |       ||     1
         Recall Ancestor   |       |       |     1 |     1 ||     2
         Ancestor Life: Kn |       |       |       |     1 ||     1
    Use: Scroll            |       |       |       |    29 ||    29
   Stab: Distracted        |       |       |     2 |       ||     2
 Armour: Robe              |    14 |    17 |    61 |    86 ||   178
  Dodge: Dodged            |    28 |    30 |    67 |   107 ||   232

Table legend: (Time is in decaauts)
 A = Elapsed time spent in this place.
 B = Non-inter-level travel time spent in this place.
 C = Inter-level travel time spent in this place.
 D = Time resting spent in this place.
 E = Time spent auto-exploring this place.
 F = Levels seen in this place.
 G = Mean time per level.
                   A        B        C        D        E       F      G
               +--------+--------+--------+--------+--------+-----+--------+
         Total |  11282 |  10096 |   1186 |    124 |   7865 |  13 |  867.8 |
       Dungeon |  10873 |   9700 |   1173 |    124 |   7569 |  11 |  988.5 |
        Temple |    201 |    188 |     13 |      0 |    181 |   1 |  201.0 |
       Ossuary |    206 |    206 |      0 |      0 |    115 |   1 |  206.0 |
               +--------+--------+--------+--------+--------+-----+--------+

Top non-repeatable levels by time:
     D:5: 1614 daAuts
     D:6: 1436 daAuts
     D:4: 1274 daAuts
    D:10: 1021 daAuts
     D:8: 1019 daAuts
     D:3: 964 daAuts
     D:1: 941 daAuts
     D:2: 853 daAuts
     D:9: 775 daAuts
     D:7: 706 daAuts
    D:11: 266 daAuts
 Ossuary: 206 daAuts
  Temple: 201 daAuts

Table legend:
 A = Kills in this place as a percentage of kills in entire the game.
 B = Kills by you in this place as a percentage of kills by you in the entire game.
 C = Kills by friends in this place as a percentage of kills by friends in the entire game.
 D = Other kills in this place as a percentage of other kills in the entire game.
 E = Experience gained in this place as a percentage of experience gained in the entire game.
 F = Experience gained in this place divided by the number of levels of this place that you have seen.
                   A       B       C       D       E      F
               +-------+-------+-------+-------+-------+----------------------
         Total | 100.0 | 100.0 | 100.0 |   N/A | 100.0 | 1417.7
       Dungeon |  94.0 |  92.9 | 100.0 |   N/A |  98.5 | 1651.1
       Ossuary |   6.0 |   7.1 |   0.0 |   N/A |   1.5 | 268.0
               +-------+-------+-------+-------+-------+----------------------
